 Dungeon Crawl Stone Soup version 0.27-a0-1147-gb3d8e82157 (webtiles) character file.

Game seed: 9610277870044585175

264 Anon1729 the Skirmisher (level 6, 0/49 HPs)
             Began as a Formicid Berserker on May 11, 2021.
             Slain by a polar bear (30 damage)
             ... created by the rage of Trog
             ... on level 4 of the Dungeon.
             The game lasted 00:05:59 (3777 turns).

Anon1729 the Skirmisher (Formicid Berserker)        Turns: 3777, Time: 00:06:00

Health: 0/49       AC:  4    Str: 23    XL:     6   Next: 43%
Magic:  6/6        EV: 12    Int:  7    God:
Gold:   126        SH:  0    Dex: 10    Spells: 5/5 levels left

rFire    . . .     SeeInvis +   a - +0 falchion
rCold    . . .     Faith    .   (no shield)
rNeg     . . .     Spirit   .   b - +0 animal skin
rPois    .         Reflect  .   (helmet unavailable)
rElec    .         Harm     .   e - +0 cloak
rCorr    .         Rampage  .   g - +0 pair of gloves
Will     .....                  (no boots)
Stlth    +.........             (no amulet)
HPRegen  0.16/turn              (no ring)
MPRegen  0.10/turn              (no ring)

@: no status effects
A: permanent stasis, dig shafts and tunnels, antennae 3, four strong arms
a: Dig, Shaft Self


You were on level 4 of the Dungeon.
You visited 1 branch of the dungeon, and saw 6 of its levels.

You collected 126 gold pieces.

Inventory:

Hand Weapons
 a - a +0 falchion (weapon)
Armour
 b - a +0 animal skin (worn)
 e - a +0 cloak (worn)
 g - a +0 pair of gloves (worn)
Scrolls
 f - a scroll of vulnerability
 l - a scroll of enchant armour {unknown}
Potions
 c - a potion of lignification {unknown}
 h - a potion of curing
 j - a potion of attraction
 k - a potion of haste {unknown}


   Skills:
 + Level 4.6 Fighting
 + Level 4.2 Long Blades
 + Level 3.8 Armour
 + Level 3.2 Dodging


You had 5 spell levels left.
You didn't know any spells.
Your spell library contained the following spells:

 Spells                   Type           Power      Damage    Failure   Level
 Animate Skeleton         Necr           0%         N/A       43%         1
 Pain                     Necr           0%         1d4       43%         1
 Vampiric Draining        Necr           0%         2d6       80%         3
 Animate Dead             Necr           0%         N/A       99%         4
 Agony                    Necr           0%         N/A       100%        5


Dungeon Overview and Level Annotations

Branches:
Dungeon (6/15)
 Temple: D:4-7

Altars:
Ashenzari
Ru

Annotations:
D:3 Terence


Innate Abilities, Weirdness & Mutations

You cannot be hasted, slowed, berserked, paralysed or teleported.
You can dig through walls and to a lower floor.
You have a pair of large antennae on your head. (SInv)
Your four strong arms can wield two-handed weapons with a shield.


Message History

You hit the centaur skeleton.
The centaur skeleton is almost destroyed.
The centaur skeleton hits you. The centaur skeleton barely misses you.
The centaur skeleton closely misses you.
You riposte.
You slash the centaur skeleton!
You destroy the centaur skeleton!
No target in view!
No target in view!
No target in view!
No target in view!
No target in view!
No target in view!
No target in view!
No target in view!
No target in view!
No target in view!
No target in view!
No target in view!
Trog sends monsters to punish you. The divine experience confuses you!
You are confused.
A polar bear and 5 black bears come into view.
There are monsters nearby!
You feel better.
You hear an angry growl.
The black bear bites you. The black bear claws you.
The black bear claws you but does no damage.
The black bear rages.
Are you sure you want to shaft yourself?
The black bear bites you. The black bear claws you. The black bear misses you.
The polar bear bites you but does no damage.
The polar bear claws you. The polar bear barely misses you.
The black bear bites you. The black bear claws you.
The black bear claws you but does no damage.
You begin to dig a shaft.
You continue digging a shaft.
The polar bear completely misses you. The polar bear misses you.
The polar bear claws you. The black bear closely misses you.
The black bear misses you. The black bear barely misses you.
The polar bear bites you!!
Ouch! That really hurt!
You die...

#######....####.## #
##>................ .##
.....†.........#.###..#.
............##.#.#.....
......................
..........#.##.#.#.###
..........#.##.hhhh#
..........#.####h###
..........#.# #@#
...............h.# ....
..####... . .....
##.#### .< ## .. ..
#..#.


You could see a polar bear (berserk) and 4 black bears.

Vanquished Creatures
  A black bear (D:5)
  A centaur skeleton (D:4)
  3 orc wizards
  An ufetubus (D:4)
  A worm (D:2)
  2 dart slugs
  5 orcs
  2 endoplasms
  4 giant cockroaches
  8 goblins
  7 hobgoblins
  2 jackals (D:1)
  4 kobolds
  A quokka (D:2)
  3 ball pythons
  2 bats
  2 frilled lizards
  A jackal skeleton (D:4)
  4 rats
54 creatures vanquished.

Notes
Turn   | Place    | Note
-------+----------+-------------------------------------------
     0 | D:1      | Anon1729 the Formicid Berserker began the quest for the
                  | Orb.
     0 | D:1      | Reached XP level 1. HP: 18/18 MP: 1/1
     0 | D:1      | Fell from the grace of Trog
   198 | D:1      | Reached XP level 2. HP: 22/24 MP: 2/2
   683 | D:1      | Reached XP level 3. HP: 25/29 MP: 3/3
  1072 | D:2      | Found a broken altar of Ashenzari.
  1931 | D:2      | Found a faded altar of an unknown god.
  2112 | D:2      | Reached XP level 4. HP: 8/37 MP: 4/4
  2543 | D:3      | Paralysed by Trog for 5 turns
  2678 | D:3      | Found a sacrificial altar of Ru.
  2719 | D:3      | Reached XP level 5. HP: 25/42 MP: 5/5
  2902 | D:3      | Noticed Terence
  3037 | D:3      | Noticed a black bear
  3037 | D:3      | Noticed a black bear
  3037 | D:3      | Noticed a polar bear
  3037 | D:3      | Noticed a black bear
  3037 | D:3      | Noticed a black bear
  3039 | D:3      | HP: 2/42 [black bear[the rage of Trog] (3)]
  3040 | D:3      | You fall into a shaft and drop 2 floors!
  3040 | D:5      | Entered Level 5 of the Dungeon
  3040 | D:5      | Noticed a black bear
  3341 | D:6      | Noticed an orc warrior
  3380 | D:5      | Killed a black bear
  3381 | D:5      | Reached XP level 6. HP: 22/49 MP: 6/6
  3573 | D:4      | Noticed an ogre
  3774 | D:4      | Noticed a black bear
  3774 | D:4      | Noticed a black bear
  3774 | D:4      | Noticed a polar bear
  3774 | D:4      | Noticed a black bear
  3774 | D:4      | Noticed a black bear
  3774 | D:4      | Noticed a black bear
  3777 | D:4      | Slain by a polar bear

Illustrated notes

Levels and vault maps discovered:
D:1:      erik_arrival_orb_chamber, layout_loops_ring
D:2:      layout_basic, shapermc_ecumenical_altar_mp_highgroup, basic_altar
D:3:      cheibrodos_greedy_goblins, layout_loops_ring,
          nicolae_ru_path_of_blood, chequers_temple_overflow_minitemple,
          uniq_terence
D:4:      layout_basic, pf_just_have_faith, serial_shops, shop_statue,
          uniq_eustachio
D:5:      layout_cave_pods, biasface_ghost_orc_armoury
D:6:      layout_cave_pods, fedhas_bush_and_centaur_altar, ebering_ghost_xom,
          serial_bayou_lake_a

Skill      XL: |  1  2  3  4  5 |
---------------+----------------+-----
Dodging        | 2 3 |  3.2
Armour         | 3 |  3.8
Fighting       | 4 |  4.6
Long Blades    | 4 |  4.2

Action                   |  1- 3 |  4- 6 || total
-------------------------+-------+-------++-------
Melee: Falchion          |   105 |    88 ||   193
Invok: Renounce Religion |     1 |       ||     1
 Abil: Dig               |       |     5 ||     5
       Shaft Self        |       |     2 ||     2
  Use: Potion            |     1 |     4 ||     5
       Scroll            |       |     2 ||     2
 Stab: Sleeping          |     1 |     1 ||     2
Armor: Animal skin       |    22 |    36 ||    58
Dodge: Dodged            |    78 |    80 ||   158
       Rpst.: Falchion   |    20 |    16 ||    36

Table legend: (Time is in decaauts)
 A = Elapsed time spent in this place.
 B = Non-inter-level travel time spent in this place.
 C = Inter-level travel time spent in this place.
 D = Time resting spent in this place.
 E = Time spent auto-exploring this place.
 F = Levels seen in this place.
 G = Mean time per level.
                   A        B        C        D        E       F      G
               +--------+--------+--------+--------+--------+-----+--------+
         Total |   3808 |   3721 |     87 |    950 |   2194 |   6 |  634.7 |
       Dungeon |   3808 |   3721 |     87 |    950 |   2194 |   6 |  634.7 |
               +--------+--------+--------+--------+--------+-----+--------+

Top non-repeatable levels by time:
     D:2: 1389 daAuts
     D:1: 1038 daAuts
     D:3: 637 daAuts
     D:5: 530 daAuts
     D:4: 210 daAuts
     D:6: 1 daAuts
